 Dungeon Crawl Stone Soup version 0.29-a0-559-g359e09b9d1 (webtiles) character file.

Game seed: 17808277475371122553

1199 Lekart the Slasher (level 8, 0/57 (62) HPs)
             Began as a White Draconian Chaos Knight on June 10, 2022.
             Was a Plaything of Xom.
             Slain by a wight
             ... wielding a +0 morningstar
              (5 damage)
             ... on level 6 of the Dungeon.
             The game lasted 00:09:06 (6992 turns).

Lekart the Slasher (White Draconian Chaos Knight)   Turns: 6992, Time: 00:09:07

HP:   0/57 (62)     AC:  8    Str: 17    XL:     8   Next: 20%
MP:   8/8           EV:  2    Int: 13    God:    Xom [....*.]
Gold: 241           SH:  0    Dex: -4 (10) Spells: 7/7 levels left

rFire   . . .      SeeInvis +   a - +0 falchion (freeze)
rCold   + . .      Faith    .   (no shield)
rNeg    . . .      Spirit   .   (body armour unavailable)
rPois   .          Reflect  .   (helmet restricted)
rElec   .          Harm     .   (no cloak)
rCorr   .          Rampage  .   l - +1 pair of gloves
Will    .....      Clarity  +   (no boots)
Stlth   ..........              (no amulet)
HPRegen 0.19/turn               f - ring of see invisible
MPRegen 0.11/turn               (no ring)

@: short of breath, slowed, lost dexterity, drained, very slow
A: breathe frost, AC +6, unfitting armour, cold resistance 1, cold-blooded,
clarity, clumsy 1, frail 1, strong 1, no potion heal 1
a: Breathe Frost, Renounce Religion


You were on level 6 of the Dungeon.
You worshipped Xom.
You were a beloved toy of Xom.
You visited 1 branch of the dungeon, and saw 6 of its levels.

You collected 241 gold pieces.

Inventory:

Hand Weapons
 a - a +0 falchion of freezing (weapon)
Missiles
 g - a throwing net
 n - 5 javelins (quivered)
Armour
 l - a +1 pair of gloves (worn)
Jewellery
 f - a ring of see invisible (left hand)
 m - an amulet of magic regeneration
 p - a +6 ring of dexterity
Scrolls
 e - a scroll of amnesia
 h - 2 scrolls of identify
 r - a scroll of fog
Potions
 d - a potion of cancellation
 s - a potion of degeneration
Miscellaneous
 b - a piece from Xom's chessboard (12/15)


   Skills:
 + Level 5.4 Fighting
 + Level 7.2 Long Blades
 + Level 1.3 Throwing
 + Level 5.1 Dodging
 + Level 2.2 Evocations


You had 7 spell levels left.
You didn't know any spells.
Your spell library contained the following spells:

 Spells                   Type           Power      Damage    Failure   Level
 Necrotize                Necr           0%         1d4       30%         1
 Vampiric Draining        Necr           0%         2d6       67%         3
 Agony                    Necr           0%         N/A       100%        5


Dungeon Overview and Level Annotations

Branches:
Dungeon (6/15)
 Temple: D:4-7

Altars:
Ashenzari
Dithmenos
Fedhas
Gozag
Nemelex Xobeh
Xom
Lugonu

Portals:
Abyss: D:6

Annotations:
D:4 exclusion: downstairs
D:5 Edmund


Innate Abilities, Weirdness & Mutations

You can breathe waves of freezing cold which knock back foes.
Your icy white scales are hard. (AC +6)
You cannot fit into any form of body armour.
Your flesh is cold resistant. (rC+)
You are cold-blooded and may be slowed by cold attacks.
You possess an exceptional clarity of mind.
You are clumsy. (Dex -2)
You are frail. (-10% HP)
Your muscles are strong. (Str +2)
Potions are less effective at restoring your health.


Message History

You start resting.
HP restored.
You start waiting.
Done waiting.
You start waiting.
Done waiting.
Okay, then.
Found a ring mail.
A wight comes into view. It is wielding a +0 morningstar.
The wight moves out of view.
The wight hits you with a +0 morningstar!
You feel drained.
You barely miss the wight.
The wight hits you with a +0 morningstar!
You hit the wight.
Your tail-slap misses the wight.
The wight is lightly damaged.
The wight hits you with a +0 morningstar. x2
You feel drained.
You barely miss the wight.
The wight is lightly damaged.
The wight hits you with a +0 morningstar!
You are too injured to fight recklessly!
You are too injured to fight recklessly!
You are too injured to fight recklessly!
Aiming: Breathe Frost (4% risk of failure)
Press: ? - help, Shift-Dir - straight line, f - wight
Aim: a wight, wielding a +0 morningstar and wearing a +0 robe (lightly damaged, 68% to hit)
You exhale a wave of freezing cold.
The freezing breath misses the wight.
The wight hits you with a +0 morningstar.
The wight hits you with a +0 morningstar!
* * * LOW HITPOINT WARNING * * *
You feel drained.
* * * LOW HITPOINT WARNING * * *
A jelly comes into view.
You make a move on Xom's chessboard...
The wight flickers and vanishes for a moment.
The jelly quivers.
The wight hits you with a +0 morningstar.
You die...
Xom howls with laughter!

### #^#.. #.#J#
#### #.... ....
#.#.# #### #.#z#
#.#@####..#
#######.#.[......
.................
.
.........########
... #######.##
... #.####### ...
#.......# #
#######.# #.#


You could see a jelly and a wight (invisible).

Vanquished Creatures
  Sigmund (D:4)
  A water moccasin (D:6)
  An ice beast (D:5)
  An ogre (D:4)
  2 centaurs
  A phantom (D:5)
  A scorpion (D:3)
  A hound (D:5)
  An orc priest (D:5)
  3 iguanas
  2 orc wizards (D:5)
  7 adders
  2 ufetubi (D:5)
  2 worms
  2 dart slugs
  4 orcs
  3 endoplasms
  8 giant cockroaches
  7 goblins
  4 hobgoblins
  7 kobolds
  A quokka (D:2)
  7 ball pythons
  3 bats
  3 frilled lizards
  12 rats
87 creatures vanquished.

Vanquished Creatures (collateral kills)
  Eustachio (D:5)
  An adder (D:2)
  A ball python (D:2)
3 creatures vanquished.

Vanquished Creatures (others)
  A lurking horror (D:6)
  10 toadstools (D:6)
11 creatures vanquished.

Grand Total: 101 creatures vanquished

Notes
Turn   | Place    | Note
-------+----------+-------------------------------------------
     0 | D:1      | Lekart the Draconian Chaos Knight began the quest for the
                  | Orb.
     0 | D:1      | Reached XP level 1. HP: 19/19 MP: 1/1
   240 | D:1      | XOM: divination: magic mapping
   299 | D:1      | XOM: divination: detect creatures
   393 | D:1      | Reached XP level 2. HP: 24/26 MP: 2/2
   771 | D:1      | XOM: give mutations
   771 | D:1      | Gained mutation: Potions are less effective at restoring
                  | your health. [Xom's mischief]
   771 | D:1      | Gained mutation: You are clumsy. (Dex -2) [Xom's mischief]
   771 | D:1      | Gained mutation: Your muscles are strong. (Str +2) [Xom's
                  | mischief]
  1061 | D:2      | Reached XP level 3. HP: 31/33 MP: 3/3
  1392 | D:2      | Found a faded altar of an unknown god.
  1833 | D:3      | Found an opulent altar of Gozag.
  1839 | D:3      | Reached skill level 4 in Long Blades
  1839 | D:3      | Reached XP level 4. HP: 39/40 MP: 4/4
  2228 | D:3      | XOM: smoke on damage
  2483 | D:3      | XOM: cloud trail
  2494 | D:3      | XOM: silly message
  2848 | D:3      | Found a sparkling altar of Nemelex Xobeh.
  3021 | D:4      | Noticed a scorpion
  3031 | D:3      | Killed a scorpion
  3032 | D:3      | Reached XP level 5. HP: 31/47 MP: 5/5
  3193 | D:3      | XOM: divination: magic mapping
  3272 | D:4      | Noticed Sigmund
  3273 | D:4      | Noticed an ogre
  3282 | D:4      | XOM: silly message
  3283 | D:4      | XOM: potion effect (haste)
  3302 | D:4      | XOM: divination: magic mapping
  3304 | D:4      | XOM: silly message
  3307 | D:4      | Killed an ogre
  3318 | D:4      | Killed Sigmund
  3319 | D:4      | Reached skill level 5 in Long Blades
  3319 | D:4      | Reached skill level 1 in Evocations
  3319 | D:4      | Reached XP level 6. HP: 49/55 MP: 6/6
  3617 | D:4      | Identified the +3 ring mail of Wojeniol {Int+2}
  3848 | D:5      | Entered Level 5 of the Dungeon
  3853 | D:5      | XOM: divination: magic mapping
  3856 | D:5      | Noticed an ice beast
  3889 | D:4      | HP: 2/55 [iguana (1)]
  3925 | D:4      | XOM: cloud trail
  4163 | D:5      | Identified the +0 leather armour of Integrity {+Inv rF+++
                  | Dex-4}
  4182 | D:5      | Found a broken altar of Ashenzari.
  4188 | D:5      | Your scales start taking on an icy white colour.
  4188 | D:5      | Reached XP level 7. HP: 51/60 MP: 7/7
  4188 | D:5      | Gained mutation: Your flesh is cold resistant. (rC+) [White
                  | Draconian growth]
  4250 | D:5      | Reached skill level 6 in Long Blades
  4428 | D:5      | XOM: potion effect (berserk rage)
  4436 | D:5      | Reached skill level 5 in Fighting
  4474 | D:5      | Found a shimmering altar of Xom.
  4488 | D:5      | Reached skill level 1 in Throwing
  4659 | D:5      | XOM: cloud trail
  4663 | D:5      | XOM: 4-stop teleportation journey
  4958 | D:5      | Found a shadowy altar of Dithmenos.
  5120 | D:5      | Noticed Eustachio
  5149 | D:5      | XOM: polymorph rat -> hobgoblin
  5151 | D:5      | XOM: confusion (+ monsters)
  5169 | D:5      | XOM: polymorph iron imp -> white imp
  5172 | D:5      | XOM: polymorph white imp -> ufetubus
  5225 | D:5      | XOM: repel stairs
  5243 | D:5      | XOM: give mutation
  5243 | D:5      | Gained mutation: You possess an exceptional clarity of
                  | mind. [Xom's mischief]
  5459 | D:4      | XOM: give mutations
  5459 | D:4      | Gained mutation: You are frail. (-10% HP) [Xom's mischief]
  5459 | D:4      | Gained mutation: You are very frail. (-20% HP) [Xom's
                  | mischief]
  5459 | D:4      | Lost mutation: You are very frail. (-20% HP) [Xom's
                  | mischief]
  5557 | D:5      | XOM: cast spell 'Summon Hydra'
  5561 | D:5      | Killed Eustachio
  5562 | D:5      | Reached skill level 7 in Long Blades
  5562 | D:5      | Reached XP level 8. HP: 44/61 MP: 8/8
  5813 | D:5      | Noticed Edmund
  5821 | D:5      | XOM: butterfly on damage
  5833 | D:5      | HP: 1/61 [Edmund/+3 flail of holy wrath (10)]
  6150 | D:6      | Found a corrupted altar of Lugonu.
  6150 | D:6      | Found a one-way gate to the infinite horrors of the Abyss.
  6319 | D:6      | Found a blossoming altar of Fedhas.
  6319 | D:6      | XOM: 5-stop teleportation journey
  6486 | D:6      | Reached skill level 5 in Dodging
  6530 | D:6      | XOM: summons 5 hostile demons
  6563 | D:6      | Lost dexterity.
  6992 | D:6      | Slain by a wight

Illustrated notes

Levels and vault maps discovered:
D:1:      dpeg_arrival_ratfight, layout_basic, hangedman_abyss_or_decor_stabs,
          st_stairs_4
D:2:      layout_loops_ring, chequers_ecumenical_altar_grove, kennysheep_boxes
D:3:      minmay_skewed_foursquare, layout_rooms, nicolae_gozag_seed_capital,
          nemelex_altar_shiori
D:4:      layout_basic, uniq_sigmund
D:5:      layout_loops_ring, nicolae_overflow_hidden_temple,
          brannock_xom_greatest_gift, marbit_many_paths, uniq_edmund,
          uniq_eustachio
D:6:      layout_loops_ring, general_overflow_altar, tgw_fedhas,
          minmay_temple_entry_butterflies, amcnicky_altar_lugonu_corruption

Skill      XL: |  1  2  3  4  5  6  7  8 |
---------------+-------------------------+-----
Fighting       | 4 5 |  5.4
Long Blades    | 4 5 7 |  7.2
Dodging        | 3 4 5 |  5.1
Evocations     | 1 2 |  2.2
Throwing       | 1 |  1.3

Action                   |  1- 3 |  4- 6 |  7- 9 || total
-------------------------+-------+-------+-------++-------
Melee: Falchion          |    93 |   116 |   173 ||   382
       Tailslap          |    10 |    15 |    20 ||    45
       Punch             |     1 |       |     1 ||     2
Throw: Javelin           |       |     9 |     5 ||    14
 Abil: Breathe Frost     |       |       |     7 ||     7
Evoke: Piece from Xom's  |       |    16 |     1 ||    17
  Use: Scroll            |     8 |     5 |       ||    13
       Potion            |       |     3 |     4 ||     7
 Stab: Sleeping          |     1 |     1 |     1 ||     3
       Paralysed         |       |     9 |       ||     9
       Confused          |       |       |     1 ||     1
Armor: Skin              |    22 |    57 |   182 ||   261
Dodge: Dodged            |    66 |    95 |   212 ||   373

Table legend: (Time is in decaauts)
 A = Elapsed time spent in this place.
 B = Non-inter-level travel time spent in this place.
 C = Inter-level travel time spent in this place.
 D = Time resting spent in this place.
 E = Time spent auto-exploring this place.
 F = Levels seen in this place.
 G = Mean time per level.
                   A        B        C        D        E       F      G
               +--------+--------+--------+--------+--------+-----+--------+
         Total |   7221 |   6958 |    263 |   1605 |   4334 |   6 | 1203.5 |
       Dungeon |   7221 |   6958 |    263 |   1605 |   4334 |   6 | 1203.5 |
               +--------+--------+--------+--------+--------+-----+--------+

Top non-repeatable levels by time:
     D:5: 1453 daAuts
     D:3: 1416 daAuts
     D:6: 1367 daAuts
     D:4: 1191 daAuts
     D:1: 998 daAuts
     D:2: 794 daAuts
